 Dungeon Crawl Stone Soup version bcrawl-1.37.2 (webtiles) character file.

Game seed: 6809105794457775356

147016 Leeroy the Slasher (level 5, 0/30 HPs)
             Began as an Avariel Skald on Jan 29, 2023.
             Slain by a worm (6 damage)
             ... on level 3 of the Dungeon.
             The game lasted 00:03:34 (2880 turns).

Leeroy the Slasher (Avariel Skald)                  Turns: 2880, Time: 00:03:35

Health: 0/30       AC:  4    Str:  9    XL:     5   Next: 80%
Magic:  11/12      EV: 11    Int: 19    God:
Gold:   258        SH:  1    Dex: 13    Spells: 2/10 levels left

rFire    . . .     GDR:     25% a - +0 long sword
rCold    . . .     SeeInvis .   (no shield)
rNeg     . . .     Gourm    .   b - +0 leather armour
rPois    .         Faith    .   (no helmet)
rElec    .         Spirit   .   (no cloak)
rCorr    .         Reflect  .   u - +0 pair of gloves
MR       .....                  (no boots)
Stlth    +.........             d - amulet of magic regeneration
HPRegen  0.15/turn              (no ring)
MPRegen  0.25/turn              (no ring)

@: drained
A: no striking features
a: no special abilities


You were on level 3 of the Dungeon.
You were hungry.

You visited 1 branch of the dungeon, and saw 3 of its levels.

You collected 258 gold pieces.

Inventory:

Hand Weapons
 a - a +0 long sword (weapon)
 w - a +2 dagger of draining
Missiles
 k - 52 curare-tipped needles
Armour
 b - a +0 leather armour (worn)
 u - a +0 pair of gloves (worn)
Jewellery
 d - an amulet of magic regeneration (around neck)
 g - a +4 ring of strength {unknown}
Scrolls
 c - a scroll of remove curse {unknown}
 f - 3 scrolls of fear
 h - 3 scrolls of noise {unknown}
 i - 4 scrolls of identify
 j - 2 scrolls of magic mapping {unknown}
 l - 3 scrolls of teleportation {unknown}
 q - 2 scrolls of enchant weapon {unknown}
 r - a scroll of fog {unknown}
Potions
 m - 5 potions of lignification {unknown}
 n - 2 potions of curing {unknown}
 o - a potion of haste {unknown}
 p - a potion of brilliance {unknown}
 s - a potion of heal wounds {unknown}
 t - a potion of degeneration {unknown}
 x - a potion of berserk rage {unknown}
Comestibles
 e - 6 rations {!d}


   Skills:
 - Level 1.9(1.3) Fighting
 + Level 5.6(4.9) Long Blades
 - Level 1.1(0.5) Armour
 - Level 2.1(1.5) Dodging
 - Level 3.4(2.7) Spellcasting
 - Level 2.0(1.3) Hexes
 - Level 3.6(2.9) Charms


You had 2 spell levels left.
You knew the following spells:

 Your Spells              Type           Power        Failure   Level  Hunger
a - Infusion              Chrm           ##......     6%          1    None
b - Song of Slaying       Chrm           ##......     10%         2    ##.....
c - Spectral Weapon       Hex/Chrm       ##......     26%         3    ####...
d - Swiftness             Chrm/Air       #.......     17%         2    ##.....

Your spell library contained the following spells:

 Spells                   Type           Power        Failure   Level  Hunger
 Ozocubu's Armour         Chrm/Ice       #.......     34%         3    ####...
 Regeneration             Chrm/Necr      #.........   34%         3    ####...


Dungeon Overview and Level Annotations

Branches:
Dungeon (3/12)

Altars:


Message History

The worm is heavily wounded.
The worm bites you. The worm bites you!
* * * LOW HITPOINT WARNING * * *
All of the chunks of flesh in your inventory have rotted away.
You hit the worm but do no damage.
The worm is moderately wounded.
Your spectral weapon barely misses the worm.
The worm bites you.
* * * LOW HITPOINT WARNING * * *
You barely miss the worm.
The worm is moderately wounded.
Your spectral weapon closely misses the worm.
You hit the worm but do no damage.
The worm is moderately wounded.
Your spectral weapon hits the worm.
The worm barely misses you.
You hit the worm.
The worm is heavily wounded.
Your spectral weapon hits the worm.
The worm bites you.
You die...

#..# #..#######.# #..........#
#..#######.## ### ##..# ####..
..# # #.#.# #....# ####.#
#######..####.##.###.##.#
.................w#.#.#.#######
.........##.....@(.###........#
##............##..#.#..######.#
##.###..##).)##..##.#.# #.# #.#
#...........####.# #.#
##.###.###...##...###.## #.#
#......# #.............# #.#
#..###.# ##.###...###..## #.#
#..# #.####.####.####...# #.#
#..# #................#.# #.#


You could see a worm and a friendly spectral +0 long sword.

Vanquished Creatures
  An ogre (D:3)
  A worker ant (D:3)
  An adder (D:3)
  2 oozes
  5 worms
  A dart slug (D:1)
  A leopard gecko (D:1)
  8 orcs (D:3)
  4 bats
  3 giant cockroaches
  4 goblins
  5 hobgoblins
  2 jackals (D:1)
  3 quokkas
  A ball python (D:2)
  6 frilled lizards
  6 kobolds
  5 rats
59 creatures vanquished.

Notes
Turn   | Place    | Note
-------+----------+-------------------------------------------
     0 | D:1      | Leeroy the Avariel Skald began the quest for the Orb.
     0 | D:1      | Reached XP level 1. HP: 12/12 MP: 6/6
   184 | D:1      | Reached XP level 2. HP: 12/17 MP: 8/8
   475 | D:1      | Reached skill level 3 in Long Blades
   871 | D:2      | Reached XP level 3. HP: 17/21 MP: 9/9
  1148 | D:2      | Found a faded altar of an unknown god.
  1446 | D:2      | Learned a level 2 spell: Song of Slaying
  1450 | D:2      | Learned a level 3 spell: Spectral Weapon
  1453 | D:2      | Learned a level 2 spell: Swiftness
  1875 | D:3      | Reached skill level 4 in Long Blades
  1875 | D:3      | Reached XP level 4. HP: 26/26 MP: 11/11
  2310 | D:3      | Reached skill level 1 in Hexes
  2488 | D:3      | Reached XP level 5. HP: 23/30 MP: 12/12
  2524 | D:3      | Noticed an ogre
  2530 | D:3      | Killed an ogre
  2531 | D:3      | Reached skill level 5 in Long Blades
  2880 | D:3      | Slain by a worm

Skill      XL: |  1  2  3  4  5 |
---------------+----------------+-----
Spellcasting   | 3 |  3.4
Long Blades    | 3 4 5 |  5.6
Hexes          | 1 2 |  2.0
Fighting       | |  1.9
Armour         | |  1.1
Dodging        | |  2.1
Charms         | |  3.6

Action                   |  1- 3 |  4- 6 || total
-------------------------+-------+-------++-------
Melee: Long sword        |   124 |   112 ||   236
 Cast: Infusion          |     1 |       ||     1
       Spectral Weapon   |       |     4 ||     4
  Eat: Chunk             |     6 |     7 ||    13
Armor: Leather armour    |    18 |    23 ||    41
Dodge: Dodged            |    96 |    57 ||   153
